 Dungeon Crawl Stone Soup version 0.30-a0-170-g85af917532 (webtiles) character file.

Game seed: 13762655149876050963

103273 Decritt the Warrior (level 16, -3/132 HPs)
             Began as a Djinni Conjurer on Oct 1, 2022.
             Was the Champion of Makhleb.
             Slain by a merfolk impaler
             ... wielding a +1 demon trident of freezing
              (11 damage)
             ... while paralysed by an air elemental
             ... on level 4 of the Shoals.
             The game lasted 01:51:57 (26932 turns).

Decritt the Warrior (Djinni Conjurer)              Turns: 26932, Time: 01:51:58

Health: -3/132     AC: 10    Str:  8    XL:     16   Next: 88%
Gold:   1025       EV:  2    Int: 34    God:    Makhleb [******] SH:  0 Dex: 12

rFire   + + +      SeeInvis +    R - +5 falchion "Nacu" {flame, rC+++ Will- Int+2}
rCold   + + .      Faith    .    N - +1 kite shield {rF+}
rNeg    . . .      Spirit   .    H - +4 troll leather armour
rPois   ∞          Reflect  +    b - +0 mask of the Dragon {Will+ Slay+3 SInv}
rElec   .          Harm     .    O - scarf {repulsion}
rCorr   .          Rampage  .    z - +0 pair of gloves
Will    ++...                    (boots unavailable)
Stlth   +.........               x - amulet of reflection
HPRegen 1.12/turn                s - +6 ring of intelligence
MPRegen 0.00/turn                k - ring of willpower

@: paralysed, flying, held, repel missiles
A: sickness immunity, fire resistance 2, cold vulnerability 1, float, innate
caster, HP casting, extra vitality 1
a: Renounce Religion, Minor Destruction, Lesser Servant of Makhleb, Major
Destruction, Greater Servant of Makhleb


You were on level 4 of the Shoals.
You worshipped Makhleb.
Makhleb was exalted by your worship.
You visited 5 branches of the dungeon, and saw 24 of its levels.

You collected 1946 gold pieces.
You spent 921 gold pieces at shops.

Inventory:

Hand Weapons
 R - the +5 falchion "Nacu" (weapon) {flame, rC+++ Will- Int+2}
   (You took it off a merfolk siren on level 3 of the Shoals)

   It burns those it strikes, dealing additional fire damage.
   Big, fiery blades are also staple armaments of hydra-hunters.
   Int:       It affects your intelligence (+2).
   rC:        It renders you almost immune to cold.
   Will:      It decreases your willpower.
Missiles
 Q - a throwing net
Armour
 b - the +0 mask of the Dragon (worn) {Will+ Slay+3 SInv}
   (You acquired it on level 1 of the Lair of Beasts)

   Slay:      It affects your accuracy & damage with ranged weapons and melee
   (+3).
   SInv:      It lets you see invisible.
   Will:      It increases your willpower.
 q - the +1 leather armour of Huor Tes {rElec rF+ Dex+4 SInv}
   (You bought it in a shop on level 2 of the Dungeon)

   Dex:       It affects your dexterity (+4).
   rF:        It protects you from fire.
   rElec:     It insulates you from electricity.
   SInv:      It lets you see invisible.
 z - a +0 pair of gloves (worn)
 H - a +4 troll leather armour (worn)
 I - a +2 buckler
 N - a +1 kite shield of fire resistance (worn)
 O - a scarf of repulsion (worn)
Magical Staves
 p - a staff of fire
 y - a staff of conjuration
Jewellery
 c - a ring of ice
 k - a ring of willpower (right hand)
 n - a ring of positive energy
 s - a +6 ring of intelligence (left hand)
 x - an amulet of reflection (around neck)
 J - a ring of wizardry
Wands
 g - a wand of flame (13)
 m - a wand of polymorph (11)
 o - a wand of roots (23)
 v - a wand of digging (14)
 B - a wand of paralysis (24)
 G - a wand of mindburst (7)
 P - a wand of acid (11)
Scrolls
 a - 2 scrolls of blinking
 e - a scroll of enchant weapon {unknown}
 f - 3 scrolls of silence
 l - 8 scrolls of teleportation
 r - 4 scrolls of identify
 t - 2 scrolls of immolation
 C - 2 scrolls of fear
 F - a scroll of vulnerability
 L - a scroll of enchant armour
 M - a scroll of poison
 S - a scroll of magic mapping
Potions
 d - 6 potions of lignification
 h - 8 potions of curing
 i - 6 potions of brilliance
 j - 2 potions of cancellation
 u - 3 potions of mutation
 w - 3 potions of heal wounds
 A - 5 potions of haste
 D - 2 potions of invisibility
 E - 2 potions of resistance
 K - a potion of ambrosia


   Skills:
 * Level 17.8 Fighting
 - Level 6.0 Armour
 + Level 12.0 Dodging
 - Level 1.5 Stealth
 + Level 8.2 Shields
 * Level 14.1 Spellcasting


You had 3 spell levels left.
You knew the following spells:

 Your Spells              Type           Power      Damage    Failure   Level
a - Arcjolt               Conj/Air       44%        1d54      1%          5
b - Starburst             Conj/Fire      44%        6d12      2%          6
c - Olgreb's Toxic Radia  Pois           88%        N/A       1%          4
d - Irradiate             Conj/Tmut      44%        3d26      1%          5
e - Fulminant Prism       Conj/Hex       44%        3d20      1%          4
f - Freeze                Ice            100%       1d11      1%          1
g - Dazzling Flash        Conj/Hex       100%       N/A       1%          3
h - Iskenderun's Mystic   Conj/Tloc      88%        2d17      1%          4
i - Magic Dart            Conj           100%       1d8       1%          1
j - Searing Ray           Conj           100%       2d8       1%          2
p - Passwall              Tmut/Erth      73%        N/A       1%          2
s - Swiftness             Air            88%        N/A       1%          3
Your spell library was empty.

Dungeon Overview and Level Annotations

Branches:
Dungeon (13/15)            Temple (1/1) D:4            Lair (5/5) D:11
 Shoals (4/4) Lair:3        Snake (1/4) Lair:3        Slime (0/5) Lair:4
    Orc (0/2) D:11
 Vaults: D:13-14

Altars:
Cheibriados
Dithmenos
Elyvilon
Fedhas
Gozag
Hepliaklqana
Makhleb
Nemelex Xobeh
Okawaru
Qazlal
Ru
Trog
Uskayaw
Xom
Yredelemnul
The Shining One

Shops:
D:2 *![   Shoals:1 ?[

Annotations:
D:11 1 runed translucent door, philipeq's ghost, journeyman DsFi
D:13 1 exclusion


Innate Abilities, Weirdness & Mutations

You are immune to sickness and miasma.
You are immune to poison.
Your flesh is very heat resistant. (rF++)
You are vulnerable to cold. (rC-)
You float through the air rather than walking.
You learn spells naturally, not from books.
Your magical power is your life essence.
You have superior vitality. (+4 MHP)


Message History

You struggle against the net.
The manticore looks as sick as possible!
The merfolk impaler looks as sick as possible!
The merfolk hits you from afar with a +0 trident!
The merfolk impaler closely misses you.
You struggle against the net.
The merfolk impaler looks even sicker.
The manticore looks as sick as possible!
The merfolk looks as sick as possible!
Your toxic aura wanes.
The air elemental completely misses you.
The merfolk hits you from afar with a +0 trident!
* * * LOW HITPOINT WARNING * * *
The merfolk impaler hits you from afar with a +1 demon trident of freezing!
* * * LOW HITPOINT WARNING * * *
The merfolk impaler freezes you.
* * * LOW HITPOINT WARNING * * *
The merfolk hits you from afar with a +0 halberd!
* * * LOW HITPOINT WARNING * * *
The air elemental barely misses you.
The merfolk impaler hits you from afar with a +1 demon trident of freezing!
* * * LOW HITPOINT WARNING * * *
The merfolk impaler freezes you.
* * * LOW HITPOINT WARNING * * *
The merfolk impaler closely misses you.
You feel much better.
The air elemental is engulfed in a cloud of scalding steam.
The air elemental fires a burst of electricity at you.
The stunning burst hits you.
You suddenly lose the ability to move!
* * * LOW HITPOINT WARNING * * *
The air elemental is engulfed in a cloud of scalding steam.
The air elemental hits you.
* * * LOW HITPOINT WARNING * * *
The merfolk hits you from afar with a +0 trident!!
* * * LOW HITPOINT WARNING * * *
The merfolk impaler hits you from afar with a +0 trident.
* * * LOW HITPOINT WARNING * * *
The merfolk hits you from afar with a +0 halberd!
* * * LOW HITPOINT WARNING * * *
The merfolk impaler hits you from afar with a +1 demon trident of freezing!
You die...

#######################
~.........†............
~......))..(†).........
~...##########..#######
....#8.................
....#.....#~~~~~~~~~..m.
....#...~~~~~~~~#~~~~~~.
....#.~~~~#†###~S##.~~~.
~~~.#..~~~~~~###@Em~~~..
~_~.#......~~~~~~~m~E...
~~~.#8........mmm.......
...###########.H########
#### ~EH~~~ ~####~E~~ ~~
~~~.. #~ ~### .. .


You could see 2 merfolk impalers, a sea snake (poisoned), 3 merfolk, 2
manticores, 2 water elementals and an air elemental.

Vanquished Creatures
  Gastronok (Lair:2)
  A merfolk javelineer (Shoals:4)
  4 merfolk impalers
  A fire dragon (Lair:5)
  2 hydras
  A merfolk avatar (Shoals:3)
  3 catoblepae
  A boulder beetle (Lair:5)
  An alligator snapping turtle (Shoals:1)
  4 centaur warriors
  A two-headed ogre (D:10)
  2 merfolk aquamancers
  4 satyrs
  A tengu warrior (D:13)
  5 naga warriors (Snake:1)
  5 death yaks
  A naga sharpshooter (Snake:1)
  10 sea snakes
  A lindwurm (Lair:5)
  7 harpies
  5 cyclopes
  A salamander (Snake:1)
  9 manticores
  20 fauns
  9 elephants (Lair:5)
  An oklob plant (Lair:4)
  A salamander (shapeshifter) (D:13)
  5 merfolk sirens
  2 guardian serpents (Snake:1)
  3 water nymphs
  Joseph (D:7)
  11 black mambas
  12 cane toads
  3 naga magi (Snake:1)
  Maggie (D:9)
  An unseen horror (D:10)
  5 torpor snails (Lair:5)
  2 rime drakes
  5 komodo dragons
  A tengu conjurer (D:13)
  A troll (D:10)
  17 merfolk
  9 wind drakes
  4 tyrant leeches (Lair:5)
  Grinder (D:4)
  10 polar bears (Lair:5)
  26 blink frogs
  Prince Ribbit (D:6)
  9 hornets
  3 raiju (Lair:5)
  2 snapping turtles (Shoals:2)
  6 dream sheep
  2 shadows
  An air elemental (Shoals:4)
  33 yaks
  11 water elementals
  A wyvern (Lair:2)
  3 basilisks
  4 steam dragons
  4 wargs (Lair:5)
  Menkaure (D:6)
  6 vampire mosquitoes (D:11)
  7 nagas
  3 acid dragons
  14 hell hounds (Lair:5)
  18 water moccasins
  A sky beast (D:7)
  4 orc warriors
  16 black bears
  17 wolves
  5 centaurs
  2 phantoms
  6 kobold brigands
  21 bullfrogs
  2 gnoll sergeants
  2 scorpions (D:5)
  5 wights (D:6)
  2 troll zombies (D:11)
  4 killer bees (D:9)
  3 howler monkeys
  An electric eel (Lair:3)
  4 hounds
  2 jellies (D:6)
  10 orc priests
  Jessica (D:2)
  Terence (D:2)
  2 iguanas
  8 orc wizards
  4 hell rats (Lair:5)
  6 ogre zombies (D:11)
  9 gnolls
  7 adders
  An ufetubus (D:5)
  3 dart slugs
  31 orcs
  3 endoplasms
  2 giant cockroaches
  5 goblins
  10 hobgoblins
  4 jackals (D:1)
  A quokka (D:1)
  6 ball pythons
  9 bats
  2 frilled lizards
  2 goblin zombies (D:11)
  3 hobgoblin skeletons (D:11)
  A hobgoblin zombie (D:11)
  23 kobolds
  3 orc skeletons (D:11)
  16 orc zombies (D:11)
  10 rats
  14 fulminant prisms
645 creatures vanquished.

Vanquished Creatures (others)
  A manticore (Shoals:3)
  A mana viper (Snake:1)
  A scorpion (D:6)
  A kobold (D:7)
  65 fulminant prisms
  60 fungi
  178 plants
307 creatures vanquished.

Grand Total: 952 creatures vanquished

Notes
Turn   | Place    | Note
-------+----------+-------------------------------------------
     0 | D:1      | Decritt the Djinni Conjurer began the quest for the Orb.
     0 | D:1      | Decritt set off with the following spells memorised: Magic
                  | Dart, Searing Ray, Dazzling Flash, Fulminant Prism,
                  | Iskenderun's Mystic Blast.
     0 | D:1      | Reached XP level 1. HP: 15/15 MP: 0/0
   276 | D:1      | Reached skill level 1 in Fighting
   276 | D:1      | Reached XP level 2. HP: 13/22 MP: 0/0
   971 | D:1      | Reached XP level 3. HP: 23/27 MP: 0/0
   971 | D:1      | Learned a level 1 spell: Freeze
  1037 | D:1      | Found a faded altar of an unknown god.
  1848 | D:2      | Reached skill level 2 in Fighting
  1930 | D:2      | Noticed Jessica
  1936 | D:2      | Killed Jessica
  1937 | D:2      | Reached XP level 4. HP: 19/34 MP: 0/0
  2213 | D:2      | Found Niymn's Antique Armour Emporium.
  2441 | D:2      | Noticed Terence
  2450 | D:2      | Killed Terence
  2451 | D:2      | Reached XP level 5. HP: 25/40 MP: 0/0
  2451 | D:2      | Learned a level 2 spell: Passwall
  2587 | D:2      | Found Imaonupli's Distillery.
  2595 | D:2      | Bought a potion of heal wounds for 55 gold pieces
  2595 | D:2      | Bought a potion of curing for 33 gold pieces
  2661 | D:2      | Found Dueham's General Store.
  2666 | D:2      | Reached skill level 3 in Fighting
  3604 | D:4      | Noticed a black bear
  3941 | D:4      | Found a staircase to the Ecumenical Temple.
  3961 | Temple   | Entered the Ecumenical Temple
  4083 | Temple   | Became a worshipper of Makhleb the Destroyer
  4180 | D:4      | Noticed Grinder
  4189 | D:4      | Killed Grinder
  4190 | D:4      | Reached skill level 4 in Fighting
  4190 | D:4      | Reached XP level 6. HP: 27/48 MP: 0/0
  4190 | D:4      | Reached XP level 7. HP: 30/53 MP: 0/0
  4190 | D:4      | Learned a level 3 spell: Swiftness
  4481 | D:4      | Found a shimmering altar of Xom.
  4678 | D:4      | Reached skill level 5 in Spellcasting
  4679 | D:4      | Reached skill level 5 in Fighting
  5329 | D:5      | Entered Level 5 of the Dungeon
  5778 | D:5      | Reached XP level 8. HP: 52/61 MP: 0/0
  5916 | D:5      | Reached skill level 6 in Fighting
  6197 | D:5      | Reached skill level 1 in Armour
  7132 | D:6      | Noticed Prince Ribbit
  7137 | D:6      | Noticed Menkaure
  7153 | D:6      | Killed Prince Ribbit
  7154 | D:6      | Reached skill level 7 in Fighting
  7154 | D:6      | Reached XP level 9. HP: 51/68 MP: 0/0
  7154 | D:6      | Learned a level 4 spell: Olgreb's Toxic Radiance
  7621 | D:6      | Reached * piety under Makhleb
  8115 | D:2      | Bought an obsidian-studded leather armour for 175 gold
                  | pieces
  8115 | D:2      | Identified the +0 leather armour of Melancholy {Harm Drain
                  | rF+ rC- Dex+7} (You bought it in a shop on level 2 of the
                  | Dungeon)
  8277 | D:6      | Reached skill level 8 in Fighting
  8493 | D:6      | Found a glowing golden altar of the Shining One.
  8810 | D:7      | Noticed a hornet
  8817 | D:7      | Killed a hornet
  9625 | D:7      | Reached XP level 10. HP: 74/77 MP: 0/0
  9741 | D:7      | Reached ** piety under Makhleb
  9763 | D:7      | Reached skill level 9 in Fighting
 10068 | D:8      | Noticed a cyclops
 10073 | D:8      | Killed a cyclops
 10197 | D:8      | Noticed Joseph
 10712 | D:7      | Killed Joseph
 10888 | D:8      | Reached skill level 5 in Armour
 11402 | D:2      | Bought a shimmering leather armour for 175 gold pieces
 11402 | D:2      | Identified the +1 leather armour of Huor Tes {rElec rF+
                  | Dex+4 SInv} (You bought it in a shop on level 2 of the
                  | Dungeon)
 12130 | D:9      | Reached skill level 10 in Fighting
 12243 | D:9      | Reached skill level 5 in Dodging
 12245 | D:9      | Reached XP level 11. HP: 78/86 MP: 0/0
 12245 | D:9      | Learned a level 5 spell: Irradiate
 12348 | D:9      | Noticed Maggie
 12357 | D:9      | Killed Maggie
 13202 | D:10     | Entered Level 10 of the Dungeon
 13423 | D:10     | Noticed a two-headed ogre
 13435 | D:10     | Killed a two-headed ogre
 13436 | D:10     | Reached skill level 11 in Fighting
 13922 | D:10     | You are sucked into a shaft and drop 3 floors!
 13929 | D:13     | Noticed a salamander
 13939 | D:13     | Killed a salamander
 14072 | D:13     | Noticed a centaur warrior
 14080 | D:13     | Killed a centaur warrior
 14081 | D:13     | Reached skill level 1 in Shields
 14336 | D:13     | Noticed a tengu warrior
 14348 | D:13     | Killed a tengu warrior
 14419 | D:11     | Reached *** piety under Makhleb
 14794 | D:11     | Reached XP level 12. HP: 76/94 MP: 0/0
 14819 | D:11     | Reached **** piety under Makhleb
 14902 | D:11     | Found a staircase to the Orcish Mines.
 14969 | D:11     | Found a staircase to the Lair.
 15260 | D:11     | Reached skill level 12 in Fighting
 15480 | D:11     | Found a runed translucent door.
 15480 | D:11     | Noticed philipeq's ghost (journeyman DsFi)
 15576 | D:11     | Found a sparkling altar of Nemelex Xobeh.
 16175 | D:6      | Killed Menkaure
 16395 | D:2      | Bought a pair of brightly glowing gloves for 237 gold
                  | pieces
 16395 | D:2      | Identified the +2 pair of gloves of Qixoss {*Corrode Str+3}
                  | (You bought it in a shop on level 2 of the Dungeon)
 16712 | D:2      | Bought a scroll of blinking for 90 gold pieces
 16941 | Lair:1   | Entered Level 1 of the Lair of Beasts
 17308 | Lair:1   | Reached skill level 10 in Spellcasting
 17377 | Lair:1   | Identified a scroll of acquirement
 17377 | Lair:1   | Acquired the +0 mask of the Dragon {Will+ Slay+3 SInv}
 17377 | Lair:1   | Found the +0 mask of the Dragon {Will+ Slay+3 SInv}
 17671 | Lair:1   | Reached ***** piety under Makhleb
 18145 | Lair:2   | Noticed a catoblepas
 18155 | Lair:1   | Killed a catoblepas
 18156 | Lair:1   | Reached skill level 13 in Fighting
 18176 | Lair:2   | Reached XP level 13. HP: 94/103 MP: 0/0
 18176 | Lair:2   | Learned a level 5 spell: Arcjolt
 18370 | Lair:2   | Reached skill level 5 in Shields
 18381 | Lair:2   | Noticed Gastronok
 18399 | Lair:2   | Killed Gastronok
 18922 | Lair:3   | Found a staircase to the Shoals.
 19341 | Lair:3   | Found a staircase to the Snake Pit.
 19898 | Lair:4   | Noticed a six-headed hydra
 19908 | Lair:4   | Killed a six-headed hydra
 20046 | Lair:4   | Reached skill level 14 in Fighting
 20166 | Lair:4   | Noticed a catoblepas
 20195 | Lair:4   | Killed a catoblepas
 20207 | Lair:4   | Reached XP level 14. HP: 79/112 MP: 0/0
 20292 | Lair:4   | Found a staircase to the Slime Pits.
 21122 | Lair:5   | Entered Level 5 of the Lair of Beasts
 21506 | Lair:5   | Reached skill level 15 in Fighting
 21657 | Lair:5   | Reached ****** piety under Makhleb
 22597 | Lair:5   | Reached XP level 15. HP: 111/121 MP: 0/0
 22597 | Lair:5   | Learned a level 6 spell: Starburst
 22638 | Lair:5   | Found a runed translucent door.
 22650 | Lair:5   | Reached skill level 10 in Dodging
 22843 | Lair:5   | Reached skill level 16 in Fighting
 23213 | Snake:1  | Entered Level 1 of the Snake Pit
 24045 | Shoals:1 | Entered Level 1 of the Shoals
 24079 | Shoals:1 | Found Qeqisume's Armour Shoppe.
 24608 | Shoals:1 | Bought a scarf of repulsion for 156 gold pieces
 24755 | Shoals:1 | Found Utzasch's Magic Scroll Shop.
 25064 | Shoals:1 | You are sucked into a shaft and drop 1 floor!
 25096 | Shoals:2 | Reached XP level 16. HP: 114/130 MP: 0/0
 25355 | Shoals:2 | Reached skill level 17 in Fighting
 25955 | Shoals:3 | Identified the +5 falchion "Nacu" {flame, rC+++ Will-
                  | Int+2}
 26700 | Shoals:4 | Entered Level 4 of the Shoals
 26763 | Shoals:4 | Found a stormy altar of Qazlal.
 26924 | Shoals:4 | Paralysed by an air elemental for 1 turns
 26932 | Shoals:4 | Paralysed by an air elemental for 1 turns
 26932 | Shoals:4 | Slain by a merfolk impaler

Illustrated notes

Levels and vault maps discovered:
D:1:      amcnicky_arrival_double_pillar, layout_basic,
          shapermc_ecumenical_altar_flowoftime, feat_on_display
D:2:      layout_loops_ring, serial_shops, nicolae_shop_trees, shop_statue,
          nicolae_square_shop, uniq_jessica, uniq_terence
D:3:      layout_loops_ring
D:4:      layout_loops_corners, nicolae_overflow_hidden_temple,
          minmay_temple_entry_statues, grunt_decor_fettered, uniq_grinder
D:5:      layout_cave_pools
D:6:      layout_cave_pools, kennysheep_mini,
          nicolae_kikubaaqudgha_miasma_corner, grunt_ministairs_12,
          uniq_prince_ribbit1, uniq_menkaure
D:7:      layout_rooms
D:8:      layout_gridville, amcnicky_mini_corridor_feature, grunt_ministairs_10,
          uniq_joseph
D:9:      layout_roguey, minmay_stone_trees_medium, uniq_maggie
D:10:     layout_loops_corners
D:11:     layout_basic, due_lair_maze_entry_diamond, zombieorc2_lemuel,
          hellmonk_ghost_happy_afterlife, dreamdust_deal_with_the_devil,
          nemelex_altar_shiori
D:12:     layout_loops_ring, lightli_corner_chamber
D:13:     minmay_shrinking_squares, layout_irregular_city,
          grunt_vaults_entry_tiered, serial_shops, nicolae_lakefront_shop,
          nicolae_inconvenience_store, shop_statue, shop,
          nicolae_take_the_stairs, uniq_urug
Temple:   compressed_dpeg_triangle_lava_temple
Lair:1:   layout_long_grid, cheibrodos_lair_caveside_slide
Lair:2:   layout_cave_shapes, lemuel_fruit_fields, uniq_gastronok
Lair:3:   layout_gridlike, minmay_shoals_entry_beasts,
          guppyfry_snake_entry_island
Lair:4:   layout_regular_city, dpeg_slime_entry_enclosed
Lair:5:   wormcave, layout_cave_pods, hangedman_lair_caniforms_friends
Shoals:1: argonaut_golden_fleece, layout_shoals, serial_shops, shop,
          nicolae_shop_competitors_out_of_business, shop_fountains,
          nicolae_shoals_shepherds
Shoals:2: cheibrodos_shoals_baths, layout_shoals, ldierk_geyser
Shoals:3: layout_shoals
Shoals:4: shoals_end_hellmonk_storm_palace [storm_palace_center_square,
          storm_palace_corner_altar, storm_palace_corner_altar,
          storm_palace_corner_narrow, storm_palace_corner_reverse_hut]
Snake:1:  layout_gridlike

Skill      XL: |  1  2  3  4  5  6  7  8  9 10 11 12 13 14 15 16 |
---------------+-------------------------------------------------+-----
Fighting       | 1 2 4 5 7 8 10 11 13 14 15 16 17 | 17.8
Spellcasting   | 4 5 6 7 8 9 10 11 12 13 14 | 14.1
Armour         | 2 4 5 6 |  6.0
Dodging        | 3 5 6 8 9 11 12 | 12.0
Shields        | 2 4 6 7 8 |  8.2
Stealth        | |  1.5

Action                   |  1- 3 |  4- 6 |  7- 9 | 10-12 | 13-15 | 16-18 || total
-------------------------+-------+-------+-------+-------+-------+-------++-------
Melee: Unarmed           |     7 |     4 |       |       |       |       ||    11
       Staff             |       |       |     1 |    22 |     7 |     1 ||    31
       Falchion          |       |       |       |       |       |     1 ||     1
 Cast: Magic Dart        |    71 |    65 |    56 |    48 |    17 |       ||   257
       Searing Ray       |       |     5 |    34 |    80 |    28 |       ||   147
       Fulminant Prism   |       |       |    38 |    33 |     9 |       ||    80
       Swiftness         |       |       |     1 |     1 |       |       ||     2
       Olgreb's Toxic Ra |       |       |       |    85 |   121 |    36 ||   242
       Irradiate         |       |       |       |    10 |     8 |       ||    18
       Arcjolt           |       |       |       |       |   230 |     2 ||   232
       Starburst         |       |       |       |       |    80 |    88 ||   168
  Use: Scroll            |       |     2 |    11 |    12 |     8 |     1 ||    34
       Potion            |       |     1 |       |       |     2 |     1 ||     4
Armor: Robe              |     4 |     4 |    12 |     3 |       |       ||    23
       Leather armour    |       |       |       |    30 |       |       ||    30
       Troll leather arm |       |       |       |    12 |   108 |     5 ||   125
Dodge: Dodged            |    13 |     9 |    51 |   107 |   187 |    36 ||   403
Block: Other             |       |       |    28 |    17 |       |       ||    45
       Reflection        |       |       |     6 |    14 |    32 |    30 ||    82
       Buckler           |       |       |       |    94 |   245 |       ||   339
       Kite shield       |       |       |       |       |    20 |    55 ||    75

Table legend: (Time is in decaauts)
 A = Elapsed time spent in this place.
 B = Non-inter-level travel time spent in this place.
 C = Inter-level travel time spent in this place.
 D = Time resting spent in this place.
 E = Time spent auto-exploring this place.
 F = Levels seen in this place.
 G = Mean time per level.
                   A        B        C        D        E       F      G
               +--------+--------+--------+--------+--------+-----+--------+
         Total |  26984 |  25061 |   1923 |   8400 |  12084 |  24 | 1124.3 |
       Dungeon |  16835 |  15126 |   1709 |   6022 |   6903 |  13 | 1295.0 |
        Temple |    135 |    122 |     13 |      0 |    109 |   1 |  135.0 |
          Lair |   6732 |   6591 |    141 |   1973 |   3176 |   5 | 1346.4 |
        Shoals |   2467 |   2417 |     50 |    245 |   1412 |   4 |  616.8 |
     Snake Pit |    812 |    804 |      8 |    160 |    484 |   1 |  812.0 |
               +--------+--------+--------+--------+--------+-----+--------+

Top non-repeatable levels by time:
     D:5: 2088 daAuts
     D:4: 2060 daAuts
  Lair:5: 2044 daAuts
     D:2: 1872 daAuts
    D:11: 1679 daAuts
     D:1: 1670 daAuts
     D:6: 1653 daAuts
     D:7: 1633 daAuts
  Lair:1: 1423 daAuts
  Lair:3: 1370 daAuts
  Lair:4: 1292 daAuts
     D:9: 1217 daAuts
     D:3: 1131 daAuts
Shoals:3: 875 daAuts
 Snake:1: 812 daAuts
